 Dungeon Crawl Stone Soup version 0.29.0-11-gd7f09526c8 (webtiles) character file.

Game seed: 2142254400240728311

210850 Flugkiller the Severer (level 17, 38/117 HPs)
             Began as a Minotaur Fighter on Sept 6, 2022.
             Was the Champion of Okawaru.
             Quit the game on level 3 of the Abyss.
             The game lasted 00:19:41 (32828 turns).

Flugkiller the Severer (Minotaur Fighter)          Turns: 32828, Time: 00:19:42

Health: 38/117     AC: 30    Str: 20 (21) XL:     17   Next: 72%
Magic:  11/16      EV: 13    Int:  8      God:    Okawaru [******]
Gold:   1323       SH:  0    Dex: 17      Spells: 16/16 levels left

rFire   . . .      SeeInvis .   a - +6 battleaxe of Victory {vamp, Dex+5 Stlth-}
rCold   . . .      Faith    +   (shield currently unavailable)
rNeg    . . .      Spirit   .   y - +2 plate armour {rPois}
rPois   +          Reflect  .   J - +2 hat {Int+3}
rElec   .          Harm     .   (no cloak)
rCorr   .          Rampage  .   O - +1 pair of gloves of Day {Str+2}
Will    +....                   R - +2 pair of boots
Stlth   ..........              M - amulet of faith
HPRegen 0.29/turn               p - +4 ring of protection
MPRegen 0.15/turn               j - +4 ring of slaying

@: no status effects
A: horns 2, retaliatory headbutt, iridescent scales 1, evolution 1, [clumsy 2],
[deformed body], [deterioration 2], frail 1[+2], [low MP 3], [screaming 2],
[inhibited regeneration], [weak 2], [subdued magic 3], [inability to drink after
injury 2], [inability to read after injury 1]
}: 2/15 runes: decaying, gossamer
a: Renounce Religion, Heroism, Finesse, Duel


You were on level 3 of the Abyss.
You worshipped Okawaru.
Okawaru was exalted by your worship.
You visited 6 branches of the dungeon, and saw 31 of its levels.
You visited the Abyss 1 time.

You collected 1945 gold pieces.
You spent 622 gold pieces at shops.

Inventory:

Hand Weapons
 a - the +6 battleaxe of Victory (weapon) {vamp, Dex+5 Stlth-}
   (Okawaru gifted it to you on level 13 of the Dungeon)

   It occasionally heals its wielder for a portion of the damage dealt when it
   wounds a living foe.
   Dex:       It affects your dexterity (+5).
   Stlth:     It makes you less stealthy.
 b - a +2 short sword of distortion
   (You took it off Sonja on level 2 of the Lair of Beasts)
 s - a +4 broad axe of draining
   (Okawaru gifted it to you on level 11 of the Dungeon)
 Q - the +10 battleaxe "Jaepn" {elec, rPois rN+ rCorr Dex-2}
   (Okawaru gifted it to you on level 13 of the Dungeon)

   It occasionally discharges a powerful burst of electricity upon striking a
   foe.
   Dex:       It affects your dexterity (-2).
   rPois:     It protects you from poison.
   rN:        It protects you from negative energy.
   rCorr:     It protects you from acid and corrosion.
Missiles
 g - 2 throwing nets (quivered)
Armour
 y - a +2 plate armour of poison resistance (worn)
   (You took it off an orc knight on level 2 of the Orcish Mines)
 J - a +2 hat of intelligence (worn)
   (Okawaru gifted it to you on level 11 of the Dungeon)
 N - a +0 pair of gloves of hurling
   (You bought it in a shop on level 6 of the Dungeon)
 O - the +1 pair of gloves of Day (worn) {Str+2}
   (Okawaru gifted it to you on level 3 of the Lair of Beasts)

   Str:       It affects your strength (+2).
 R - a +2 pair of boots (worn)
   (You found it on level 2 of the Lair of Beasts)
Jewellery
 c - a ring of protection from cold
   (You found it on level 2 of the Dungeon)
 f - a ring of willpower
   (You found it on level 5 of the Dungeon)
 i - a ring of see invisible
   (You found it on level 11 of the Dungeon)
 j - a +4 ring of slaying (right hand)
   (You found it on level 2 of the Dungeon)
 k - a ring of willpower
   (You found it on level 10 of the Dungeon)
 m - a ring of willpower
   (You found it on level 2 of the Dungeon)
 p - a +4 ring of protection (left hand)
   (You bought it in a shop on level 2 of the Orcish Mines)
 M - an amulet of faith (around neck)
   (You found it on level 2 of the Lair of Beasts)
 T - an amulet of reflection
   (You found it on level 15 of the Dungeon)
 U - an amulet of guardian spirit
   (You found it on level 4 of the Swamp)
Wands
 B - a wand of acid (13)
   (You took it off Joseph on level 7 of the Dungeon)
 G - a wand of mindburst (8)
   (You found it on level 10 of the Dungeon)
 L - a wand of iceblast (15)
   (You found it on level 11 of the Dungeon)
Scrolls
 l - 3 scrolls of magic mapping
 o - 4 scrolls of enchant armour
 r - 9 scrolls of identify
 t - 6 scrolls of teleportation
 v - 9 scrolls of vulnerability
 z - 3 scrolls of blinking
 A - 4 scrolls of enchant weapon
 C - 3 scrolls of immolation
 D - 4 scrolls of fog
 S - 4 scrolls of fear
Potions
 d - 6 potions of might
 e - 4 potions of flight
 h - 2 potions of haste
 n - 3 potions of resistance
 q - 5 potions of curing
 w - 4 potions of heal wounds
 x - 3 potions of ambrosia
 E - 3 potions of cancellation
 H - 2 potions of magic
 I - a potion of attraction
 K - 8 potions of lignification
 P - 3 potions of invisibility
Miscellaneous
 F - a condenser vane
   (You found it on level 2 of the Swamp)


   Skills:
 + Level 19.4 Fighting
 + Level 19.8 Axes
 + Level 19.4 Armour
 + Level 13.8 Dodging
 - Level 3.6 Shields
 - Level 11.0 Invocations
 + Level 3.6 Evocations


You had 16 spell levels left.
You didn't know any spells.
Your spell library was empty.

Dungeon Overview and Level Annotations

Branches:
Dungeon (15/15)            Temple (1/1) D:7            Lair (5/5) D:11
  Swamp (4/4) Lair:3       Spider (4/4) Lair:2        Slime (0/5) Lair:5
    Orc (2/2) D:12            Elf (0/3) Orc:2        Vaults (0/5) D:14
 Depths (0/4) D:15

Altars:
Ashenzari
Cheibriados
Elyvilon
Fedhas
Gozag
Kikubaaqudgha
Nemelex Xobeh
Okawaru
Qazlal
Sif Muna
Trog
Uskayaw
Vehumet
Wu Jian
Yredelemnul
Zin
Jiyva

Shops:
D:1 :   D:5 *   D:6 (:=?=[   D:7 :   D:10 [   Orc:2 !?=!

Annotations:
D:3 exclusion: door
D:6 1 runed translucent door, ILmort's ghost, amateur HuWn
D:14 Roxanne
Lair:1 exclusion: 2 oklob plants


Innate Abilities, Weirdness & Mutations

You have a pair of horns on your head.
You reflexively headbutt those who attack you in melee.
You are partially covered in iridescent scales. (AC +2)
You have hidden genetic potential.
[You are very clumsy. (Dex -4)]
[Armour fits poorly on your strangely shaped body.]
[Your body often deteriorates upon taking damage.]
[You are extremely frail. (-30% HP)]
[Your magical capacity is extremely low. (-30% MP)]
[You frequently scream uncontrollably at your foes.]
[You do not regenerate when monsters are visible.]
[You are very weak. (Str -4)]
[Your spells are much easier to cast, but much less powerful.]
[You sometimes lose the ability to drink potions when taking damage.]
[You occasionally lose the ability to read scrolls when taking damage.]


Message History

You closely miss the golden eye.
You are too confused!
The golden eye turns its gaze towards you.
The golden eye blinks at you.
You are more confused.
You are too confused!
You are too confused!
The golden eye blinks!
You are too confused!
You are too confused!
You are too confused!
The golden eye blinks at you. You resist with almost no effort.
The golden eye blinks at you. You resist with almost no effort.
The golden eye blinks!
You are too confused!
You are too confused!
You feel less confused.
No target in view!
No target in view!
No target in view!
No target in view!
A worldbinder comes into view.
The wretched star pulses with an eldritch light!
You feel frail. x2
The worldbinder calls forth creatures from the Spider Nest!
The worldbinder barely misses you. You furiously retaliate!
You headbutt the worldbinder, but do no damage.
The worldbinder hits you but does no damage.
An orb spider comes into view.
The wretched star pulses with an eldritch light!
You feel less energetic. x2; Your regeneration stops near monsters.
You slash the wolf spider!
The wolf spider is moderately wounded.
You slice the wolf spider!!
You hit the worldbinder but do no damage.
A green death comes into view.
The worldbinder hits you but does no damage. x2
The wolf spider hits you but does no damage.
The wolf spider barely misses you.
The wolf spider hits you but does no damage.
The wolf spider bites you.
You are poisoned.
The wolf spider poisons you!
The green death roars!
You slash the worldbinder! You headbutt the worldbinder.
The worldbinder is moderately damaged.
You slice the wolf spider!! You hit the wolf spider.
You closely miss the wolf spider.
You feel very sick.
The orb spider pulsates with a strange energy.
The wolf spider completely misses you.
The wolf spider bites you but does no damage.
The worldbinder hits you but does no damage.
The worldbinder hits you. The wolf spider misses you. You furiously retaliate!
You headbutt the wolf spider! The wolf spider bites you.
The wolf spider completely misses you. The wolf spider barely misses you.
You slice the wolf spider!!
The wolf spider is severely wounded.
You slash the wolf spider!
You hit the worldbinder but do no damage.
You slice the wolf spider!!
You feel very sick. The wolf spider hits you.
The wolf spider closely misses you. The wolf spider hits you!
The wolf spider completely misses you. The wolf spider hits you.
The wolf spider bites you but does no damage.
The worldbinder barely misses you.
The worldbinder hits you but does no damage.
You slash the wolf spider! You headbutt the wolf spider.
You kill the wolf spider!
The wolf spider's corpse disappears in a puff of smoke!
You slash the wolf spider!
You hit the worldbinder but do no damage.
You slice the wolf spider!!
You kill the wolf spider!
The wolf spider's corpse disappears in a puff of smoke!
You feel very sick.
The wolf spider hits you but does no damage.
The wolf spider misses you. The worldbinder hits you.
The worldbinder barely misses you.
You slice the wolf spider!!
You kill the wolf spider!
The wolf spider's corpse disappears in a puff of smoke!
You slash the wretched star! You barely miss the worldbinder.
You feel very sick.
The wretched star glows turbulently.
The lance of force hits you!
* * * LOW HITPOINT WARNING * * *
You are knocked back by the lance of force.
An ancient zyme comes into view.
You are too injured to fight recklessly!
You are too injured to fight recklessly!
You are too injured to fight recklessly!
You are suddenly pulled into a different region of the Abyss!
The abyss shimmers again as the detected abyssal rune vanishes from your memory.
You feel very sick.
You feel better.
Are you sure you want to abandon this character and quit the game? (Confirm with "yes".)

# ##. ##.# . .
##..## ...
....#....#....#
#...@..#
#####.#.....
#.# #.. #.# .#
. . ..


There were no monsters in sight!

Vanquished Creatures
  A bone dragon (Swamp:4)
  Arachne (Spider:1)
  Mlioglotl (Spider:2)
  Rupert (D:13)
  An Executioner (Abyss:3)
  A tentacled starspawn (Abyss:3)
  A thorn hunter (Swamp:2)
  The ghost of Jussuw Iff the Bringer of Law, an adept KoGl of Zin (D:15)
  3 ghost moths (Spider:4)
  6 emperor scorpions (Spider:4)
  2 broodmothers (Spider:4)
  2 eleionomae
  Nessos (D:13)
  2 entropy weavers (Spider:4)
  A lorocyproca (Abyss:3)
  A dire elephant (D:15)
  Azrael (D:15)
  2 bunyips
  2 spark wasps
  A shambling mangrove (Swamp:3)
  4 boulder beetles
  An ice dragon (D:15)
  12 hydras
  Fannar (D:10)
  4 ghost crabs
  2 centaur warriors
  A catoblepas (Lair:3)
  A death knight (D:14)
  3 two-headed ogres
  A radroach (Spider:4)
  20 death yaks
  4 alligators
  5 tengu warriors
  3 orc high priests (Orc:2)
  2 thrashing horrors (Abyss:3)
  Sonja (Lair:2)
  7 skeletal warriors
  A sun moth (Spider:2)
  A pharaoh ant (Spider:2)
  3 wretched stars (Abyss:3)
  6 goliath frogs
  4 orb spiders
  3 large abominations (Abyss:3)
  7 bog bodies
  2 swamp dragons (Lair:2)
  3 spectral hydras (Swamp:4)
  3 steelbarb worms
  2 phantasmal warriors (Swamp:4)
  Pikel (D:5)
  9 orc knights
  2 deep elf pyromancers
  6 cyclopes
  An oklob plant (Lair:5)
  6 orc sorcerers
  13 ugly things
  3 manticores
  A salamander (shapeshifter) (D:14)
  3 will-o-the-wisps
  14 wolf spiders
  A salamander (D:15)
  A moth of wrath (Spider:2)
  A worldbinder (Abyss:3)
  10 elephants
  6 black mambas
  Joseph (D:7)
  A black mamba (shapeshifter) (D:14)
  3 smoke demons (Abyss:3)
  3 freezing wraiths
  4 swamp worm zombies (Swamp:4)
  A gargoyle (D:14)
  4 demonic crawlers
  Maggie (Lair:1)
  4 rime drakes
  18 cane toads
  An efreet (Abyss:3)
  A tormentor (Abyss:3)
  7 komodo dragons
  3 tengu conjurers
  3 ice devils (D:15)
  5 hydra zombies (Swamp:4)
  10 trolls
  6 polar bears
  A bloated husk (Swamp:4)
  A wolf spider simulacrum (D:15)
  9 meliai
  5 tyrant leeches
  A tarantella (shapeshifter) (D:13)
  4 tarantellas (Spider:4)
  4 spectral swamp dragons (Swamp:4)
  A wind drake (shapeshifter) (D:14)
  9 hornets
  A raiju (Abyss:3)
  14 slime creatures
  5 dream sheep (Lair:5)
  31 blink frogs
  An alligator zombie (Swamp:4)
  3 centaur simulacra (D:15)
  9 culicivoras
  A shadow (D:11)
  6 wyverns
  2 basilisks (Lair:5)
  3 wraiths
  12 jumping spiders
  16 spriggans
  3 fire elementals (D:15)
  37 yaks
  A golden eye (Abyss:3)
  A neqoxec (Abyss:3)
  A chaos spawn (Abyss:3)
  2 steam dragons (D:9)
  22 redbacks
  15 vampire mosquitoes
  3 wargs
  7 swamp worms
  24 water moccasins
  2 hell hounds (D:15)
  Duvessa (D:4)
  A swamp drake (Lair:3)
  2 black bears (Lair:3)
  4 sky beasts
  2 small abominations (Abyss:3)
  28 orc warriors
  2 swamp dragon zombies (Swamp:4)
  5 boggarts (D:14)
  9 ogres
  20 centaurs
  7 wolves
  A lemure (D:5)
  12 phantoms
  9 kobold brigands
  15 bullfrogs
  A scorpion (D:7)
  13 wights
  A hornet simulacrum (D:15)
  14 killer bees
  Dowan (D:4)
  9 electric eels
  2 howler monkeys
  A gnoll bouda (D:8)
  21 orc priests
  3 hounds
  An iron imp (Abyss:3)
  2 jellies
  7 iguanas
  22 orc wizards
  A boggart simulacrum (D:15)
  6 gnolls
  22 adders
  A swamp drake zombie (Swamp:4)
  2 shadow imps
  A white imp (D:7)
  An ufetubus (D:6)
  A worm (D:2)
  2 dart slugs
  105 orcs
  2 endoplasms
  A giant cockroach (D:2)
  5 goblins
  3 hobgoblins
  9 jackals
  27 kobolds
  3 quokkas
  9 ball pythons
  3 bats
  6 frilled lizards
  3 rats
  5 briar patches (Swamp:2)
  A bush (D:3)
985 creatures vanquished.

Vanquished Creatures (others)
  A spriggan druid (Swamp:2)
  A hornet (Swamp:2)
  2 bloated husks
  A spriggan (Swamp:2)
  2 swamp worms
  A phantom (Swamp:4)
  25 foxfires
  45 fungi
  98 plants
  2 starspawn tentacles (Abyss:3)
  2 withered plants (D:6)
180 creatures vanquished.

Grand Total: 1165 creatures vanquished

Notes
Turn   | Place    | Note
-------+----------+-------------------------------------------
     0 | D:1      | Flugkiller the Minotaur Fighter began the quest for the
                  | Orb.
     0 | D:1      | Reached XP level 1. HP: 19/19 MP: 0/0
   176 | D:1      | Reached XP level 2. HP: 27/27 MP: 1/1
   406 | D:1      | Found Depsysur's Book Emporium.
   641 | D:2      | Found a faded altar of an unknown god.
   676 | D:2      | Reached XP level 3. HP: 33/33 MP: 2/2
  1452 | D:3      | Reached XP level 4. HP: 29/41 MP: 3/3
  1556 | D:3      | Found a shimmering blue altar of Sif Muna.
  1579 | D:3      | Noticed a water elemental
  1581 | D:3      | Found a stormy altar of Qazlal.
  1582 | D:3      | Noticed an air elemental
  1582 | D:3      | Noticed an earth elemental
  1582 | D:3      | Noticed a fire elemental
  1968 | D:3      | Found a bloodstained altar of Trog.
  1977 | D:3      | Reached XP level 5. HP: 46/47 MP: 4/4
  2611 | D:4      | Noticed Duvessa
  2611 | D:4      | Noticed Dowan
  2614 | D:4      | Reached skill level 5 in Axes
  2623 | D:4      | Killed Duvessa
  2624 | D:4      | Reached skill level 5 in Fighting
  2624 | D:4      | Reached skill level 5 in Armour
  2628 | D:4      | Killed Dowan
  2629 | D:4      | Reached XP level 6. HP: 28/56 MP: 5/5
  3419 | D:5      | Entered Level 5 of the Dungeon
  3423 | D:5      | Reached XP level 7. HP: 62/62 MP: 6/6
  3449 | D:5      | Found Xuemual's Assorted Antiques.
  3475 | D:5      | Bought a scroll labelled RAPRUI IDUMMEU for 30 gold pieces
  3475 | D:5      | Bought a scroll labelled JIORCH QUISTRO for 30 gold pieces
  4049 | D:5      | Noticed Pikel
  4060 | D:5      | Killed Pikel
  4061 | D:5      | Reached XP level 8. HP: 35/73 MP: 7/7
  4343 | D:5      | Found a glowing silver altar of Zin.
  4415 | D:5      | Found a sparkling altar of Nemelex Xobeh.
  4857 | D:6      | Found Garog's Jewellery Shoppe.
  5041 | D:6      | Found Bapogod's Antique Armour Shoppe.
  5228 | D:6      | Found Ydycid's Vocational Training.
  5240 | D:6      | Found Pinem's Weapon Boutique.
  5317 | D:6      | Found a runed translucent door.
  5318 | D:6      | Noticed ILmort's ghost (amateur HuWn)
  5329 | D:6      | Reached skill level 10 in Axes
  5352 | D:6      | Found Biaric's Magic Scroll Shoppe.
  5589 | D:6      | Reached XP level 9. HP: 71/81 MP: 8/8
  5652 | D:6      | Found Uphawiow's Jewellery Boutique.
  5868 | D:6      | Found an opulent altar of Gozag.
  5942 | D:7      | Found Titefeps's Book Shoppe.
  5954 | D:7      | Found a staircase to the Ecumenical Temple.
  5963 | Temple   | Entered the Ecumenical Temple
  6009 | Temple   | Became a worshipper of Warmaster Okawaru
  6337 | D:7      | Reached skill level 1 in Invocations
  6553 | D:7      | Noticed a rime drake
  6553 | D:7      | Noticed a rime drake
  6558 | D:7      | Noticed a rime drake
  6559 | D:7      | Found the +4 skin of Zhor {*Englaciate rC+++ SInv}
  6595 | D:7      | Killed a rime drake
  6600 | D:7      | Killed a rime drake
  6600 | D:7      | Reached * piety under Okawaru
  6601 | D:7      | Killed a rime drake
  6775 | D:7      | Found a blossoming altar of Fedhas.
  6775 | D:7      | Noticed a green ugly thing
  6777 | D:7      | Noticed Joseph
  6793 | D:7      | Killed Joseph
  7070 | D:7      | Killed a green ugly thing
  7070 | D:7      | Reached ** piety under Okawaru
  7071 | D:7      | Reached XP level 10. HP: 88/91 MP: 11/11
  7856 | D:8      | Identified the +5 long sword of the Riding Gods {vorpal,
                  | rElec Str+4 Stlth-}
  8024 | D:8      | Noticed a cyclops
  8035 | D:8      | Killed a cyclops
  8035 | D:8      | Reached *** piety under Okawaru
  9164 | D:6      | Bought a pair of glowing gloves for 202 gold pieces
  9291 | D:9      | Noticed a manticore
  9296 | D:9      | Killed a manticore
  9393 | D:9      | Reached skill level 10 in Armour
  9393 | D:9      | Reached **** piety under Okawaru
  9394 | D:9      | Reached skill level 10 in Fighting
  9624 | D:9      | Found a white marble altar of Elyvilon.
  9720 | D:9      | Reached skill level 5 in Invocations
  9911 | D:9      | Reached XP level 11. HP: 67/101 MP: 13/13
  9912 | D:9      | Received a gift from Okawaru
 10585 | D:10     | Entered Level 10 of the Dungeon
 10616 | D:10     | Found an ornate altar of the Wu Jian Council.
 10637 | D:10     | Found Latola's Antique Armour Shop.
 11101 | D:10     | Noticed Fannar
 11117 | D:10     | Killed Fannar
 11117 | D:10     | Reached ***** piety under Okawaru
 11636 | D:11     | Noticed a boulder beetle
 11648 | D:11     | Killed a boulder beetle
 11843 | D:11     | Noticed a death yak
 11843 | D:11     | Noticed a death yak
 11844 | D:11     | Noticed a death yak
 11845 | D:11     | Found a staircase to the Lair.
 11845 | D:11     | Noticed a death yak
 11845 | D:11     | Noticed a death yak
 11845 | D:11     | Noticed a death yak
 11845 | D:11     | Noticed a death yak
 11845 | D:11     | Noticed a death yak
 11858 | D:11     | Killed a death yak
 11858 | D:11     | Received a gift from Okawaru
 11863 | D:11     | Killed a death yak
 11864 | D:11     | Reached skill level 15 in Axes
 11870 | D:11     | Killed a death yak
 11872 | D:11     | Killed a death yak
 11873 | D:11     | Killed a death yak
 11876 | D:11     | Killed a death yak
 11877 | D:11     | Reached XP level 12. HP: 64/110 MP: 14/16
 11878 | D:11     | Killed a death yak
 11878 | D:11     | Received a gift from Okawaru
 11881 | D:11     | Killed a death yak
 13511 | D:12     | Noticed a two-headed ogre
 13523 | D:12     | Killed a two-headed ogre
 14239 | D:12     | Found a staircase to the Orcish Mines.
 14276 | D:12     | Found a radiant altar of Vehumet.
 14388 | D:12     | Identified the +8 ring mail "Ecastru" {rC+++ Regen+ Int-4}
 14616 | Lair:1   | Entered Level 1 of the Lair of Beasts
 14670 | Lair:1   | Noticed Maggie
 14678 | Lair:1   | Killed Maggie
 15232 | Lair:1   | Noticed a six-headed hydra
 15240 | Lair:1   | Killed a nine-headed hydra
 16221 | Lair:2   | Found a transporter.
 16224 | Lair:2   | Received a gift from Okawaru
 16231 | Lair:2   | Reached XP level 13. HP: 105/119 MP: 18/18
 16588 | Lair:2   | Found a hole to the Spider Nest.
 16607 | Lair:2   | Noticed Sonja
 16615 | Lair:2   | Killed Sonja
 17267 | Lair:2   | Found a transporter.
 17507 | Lair:3   | Reached ****** piety under Okawaru
 17507 | Lair:3   | Received a gift from Okawaru
 17570 | Lair:3   | Found a staircase to the Swamp.
 17587 | Lair:3   | Identified the +1 pair of gloves of Day {Str+2} (Okawaru
                  | gifted it to you on level 3 of the Lair of Beasts)
 17587 | Lair:3   | Received a gift from Okawaru
 18936 | Lair:4   | Reached skill level 10 in Invocations
 18953 | Lair:4   | Received a gift from Okawaru
 19176 | Lair:4   | Reached XP level 14. HP: 106/133 MP: 13/20
 19950 | Lair:5   | Entered Level 5 of the Lair of Beasts
 20556 | Lair:5   | Reached skill level 15 in Fighting
 20556 | Lair:5   | Reached skill level 15 in Armour
 20689 | Lair:5   | Received a gift from Okawaru
 21112 | Lair:5   | Found a staircase to the Slime Pits.
 21112 | Lair:5   | Found a viscous altar of Jiyva.
 21993 | Lair:5   | Identified the +2 battleaxe of Liwam {vorpal, Will- rCorr
                  | Str+8}
 22220 | D:13     | Identified the +10 battleaxe "Jaepn" {elec, rPois rN+ rCorr
                  | Dex-2} (Okawaru gifted it to you on level 13 of the
                  | Dungeon)
 22220 | D:13     | Received a gift from Okawaru
 22471 | D:13     | Reached skill level 1 in Dodging
 22770 | D:13     | Noticed Rupert
 22770 | D:13     | Noticed Nessos
 22782 | D:13     | Killed Rupert
 22785 | D:13     | Killed Nessos
 22880 | D:13     | Reached XP level 15. HP: 115/145 MP: 22/22
 23561 | D:13     | Identified the +6 battleaxe of Victory {vamp, Dex+5 Stlth-}
                  | (Okawaru gifted it to you on level 13 of the Dungeon)
 23561 | D:13     | Received a gift from Okawaru
 23856 | Lair:2   | Reached skill level 5 in Dodging
 24757 | D:14     | Noticed Roxanne
 24920 | D:14     | Found a gate to the Vaults.
 25050 | D:15     | Entered Level 15 of the Dungeon
 25059 | D:15     | Received a gift from Okawaru
 25619 | D:15     | Noticed Azrael
 25632 | D:15     | Killed Azrael
 25635 | D:15     | Received a gift from Okawaru
 25740 | D:15     | Noticed Jussuw Iff's ghost (adept KoGl)
 25765 | D:15     | Found a runed translucent gate.
 25765 | D:15     | Found a runed translucent gate.
 25765 | D:15     | Found a runed translucent gate.
 26033 | D:15     | Found a staircase to the Depths.
 26396 | D:15     | Killed Jussuw Iff's ghost
 26659 | Orc:1    | Entered Level 1 of the Orcish Mines
 26826 | Orc:2    | Entered Level 2 of the Orcish Mines
 26827 | Orc:2    | Found a staircase to the Elven Halls.
 26913 | Orc:2    | Received a gift from Okawaru
 27167 | Orc:2    | Reached XP level 16. HP: 149/152 MP: 23/23
 27191 | Orc:2    | Reached skill level 10 in Dodging
 27194 | Orc:2    | Found Nesar's Distillery.
 27194 | Orc:2    | Found Irghoxze's Distillery.
 27233 | Orc:2    | Found Moadykhlusk's Jewellery Shoppe.
 27233 | Orc:2    | Found Viamafem's Magic Scroll Shop.
 27247 | Orc:2    | Bought a +4 ring of protection for 360 gold pieces
 27809 | Spider:1 | Entered Level 1 of the Spider Nest
 28265 | Spider:2 | Noticed Mlioglotl
 28272 | Spider:2 | Received a gift from Okawaru
 28288 | Spider:2 | Killed Mlioglotl
 28499 | Spider:4 | Entered Level 4 of the Spider Nest
 28825 | Spider:4 | Received a gift from Okawaru
 29166 | Spider:4 | Got a gossamer rune of Zot
 29244 | Spider:2 | Noticed Arachne
 29268 | Spider:1 | Killed Arachne
 29268 | Spider:1 | Identified the +0 buckler of Levity {Regen+ Str-5 Stlth+}
                  | (Okawaru gifted it to you on level 1 of the Spider Nest)
 29268 | Spider:1 | Received a gift from Okawaru
 29504 | Swamp:1  | Entered Level 1 of the Swamp
 29565 | Swamp:2  | Reached XP level 17. HP: 165/166 MP: 19/24
 30385 | Swamp:3  | Reached skill level 1 in Evocations
 30433 | Swamp:4  | Entered Level 4 of the Swamp
 31090 | Swamp:4  | Received a gift from Okawaru
 32163 | Swamp:4  | Noticed a bone dragon
 32183 | Swamp:4  | Killed a bone dragon
 32198 | Swamp:4  | Got a decaying rune of Zot
 32220 | Abyss:3  | Cast into level 3 of the Abyss (unwielding a weapon of
                  | distortion)
 32225 | Abyss:3  | Gained mutation: [You occasionally lose the ability to
                  | drink potions when taking damage.] [mutagenic glow]
 32241 | Abyss:3  | Gained mutation: You sometimes lose your temper in combat.
                  | [mutagenic glow]
 32253 | Abyss:3  | Gained mutation: [Armour fits poorly on your strangely
                  | shaped body.] [mutagenic glow]
 32261 | Abyss:3  | Found a corrupted altar of Lugonu.
 32262 | Abyss:3  | Gained mutation: [You are weak. (Str -2)] [mutagenic glow]
 32292 | Abyss:3  | Gained mutation: [Your body sometimes deteriorates upon
                  | taking damage.] [mutagenic glow]
 32324 | Abyss:3  | Received a gift from Okawaru
 32327 | Abyss:3  | Lost mutation: [You occasionally lose the ability to drink
                  | potions when taking damage.] [potion of mutation]
 32327 | Abyss:3  | Lost mutation: [You are weak. (Str -2)] [potion of
                  | mutation]
 32327 | Abyss:3  | Gained mutation: You are agile. (Dex +4, Str/Int -1)
                  | [potion of mutation]
 32327 | Abyss:3  | Gained mutation: You are very agile. (Dex +8, Str/Int -2)
                  | [potion of mutation]
 32328 | Abyss:3  | Lost mutation: [Your body sometimes deteriorates upon
                  | taking damage.] [potion of mutation]
 32328 | Abyss:3  | Lost mutation: You sometimes lose your temper in combat.
                  | [potion of mutation]
 32328 | Abyss:3  | Lost mutation: [Armour fits poorly on your strangely shaped
                  | body.] [potion of mutation]
 32328 | Abyss:3  | Lost mutation: You are very agile. (Dex +8, Str/Int -2)
                  | [potion of mutation]
 32328 | Abyss:3  | Gained mutation: You have hidden genetic potential. [potion
                  | of mutation]
 32328 | Abyss:3  | Gained mutation: [Armour fits poorly on your strangely
                  | shaped body.] [potion of mutation]
 32328 | Abyss:3  | Gained mutation: You passively dampen the noise of your
                  | surroundings. [potion of mutation]
 32329 | Abyss:3  | Lost mutation: You are agile. (Dex +4, Str/Int -1) [potion
                  | of mutation]
 32329 | Abyss:3  | Lost mutation: You passively dampen the noise of your
                  | surroundings. [potion of mutation]
 32329 | Abyss:3  | Lost mutation: [Armour fits poorly on your strangely shaped
                  | body.] [potion of mutation]
 32329 | Abyss:3  | Gained mutation: [You are very frail. (-20% HP)] [potion of
                  | mutation]
 32329 | Abyss:3  | Gained mutation: You are partially covered in iridescent
                  | scales. (AC +2) [potion of mutation]
 32828 | Abyss:3  | Quit the game

Illustrated notes

Levels and vault maps discovered:
D:1:      nicolae_arrival_memento_mori, layout_rooms, serial_shops, shop,
          serial_park_tiny_1, grunt_decor_fettered
D:2:      layout_loops_cross, ebering_ecumenical_altar_rust
D:3:      layout_loops_ring, mainiacjoe_overflow_concentric_impassable,
          nicolae_qazlal_style_of_elements, led_sif_book,
          minmay_misc_feat_hallway, minmay_hedge_maze
D:4:      layout_loops_ring, uniq_duvessa
D:5:      layout_basic, zin_statuary, nemelex_dance_club_becter, serial_shops,
          shop_fountains, uniq_pikel
D:6:      layout_basic, grunt_gozag_breadcrumbs, serial_shops,
          kennysheep_little_box, nicolae_shop_statue_plus, shop, shop,
          nicolae_shop_hallway_stairs, gammafunk_ghost_grave,
          nicolae_shop_vocational
D:7:      layout_rooms, lemuel_tele_altar, minmay_temple_entry_mist,
          minmay_misc_feat_iff, nicolae_inconvenience_store,
          kennysheep_nondescript, hellmonk_guarded_unrand_zhor, uniq_joseph
D:8:      layout_loops_ring, kennysheep_minor_cross, kennysheep_boxes
D:9:      kb_forest_paths, layout_basic, kennysheep_mini_moat
D:10:     layout_basic, mainiacjoe_overflow_chevrons, serial_shops, shop,
          kennysheep_generic_room_4, uniq_fannar
D:11:     layout_grid_maze, dpeg_lair_monsters, minmay_unpleasant_kobolds
D:12:     layout_rooms, hiddenorc2_lemuel, fiery_altar_vehumet
D:13:     layout_roguey [special_room_orc], uniq_rupert, uniq_nessos
D:14:     layout_basic, david_vaults_4, uniq_roxanne
D:15:     hangedman_depths_entry_try_elsewhere_first, layout_irregular_city,
          dk_noncrumbling_3, gammafunk_ghost_icy, uniq_azrael
Temple:   oiseaux_autumnal_temple
Lair:1:   minmay_lair_oklob_chamber, layout_chaotic_city, enter_volcano_1,
          uniq_maggie
Lair:2:   gammafunk_cloud_chamber, layout_gridlike,
          nicolae_spider_entry_tight_spaces, grunt_megastairs_2, uniq_sonja
Lair:3:   lemuel_reptile_caves, layout_regular_city, skrybe_swamp_entry_bodies,
          serial_bayou_pond_b, grunt_forest_stairs_clearing,
          infiniplex_staircase_pool_2, grunt_megastairs_3
Lair:4:   layout_loops_ring
Lair:5:   minmay_lair_end_frog_pond, layout_regular_city, slime_entry_1,
          infiniplex_staircase_pool
Swamp:1:  layout_falls_marsh, portal_ice_cave_entry_ugly_swarm,
          hangedman_swamp_ruin_wall
Swamp:2:  layout_basic_swamp, nicolae_swamp_stair_fork
Swamp:3:  layout_falls_marsh, evilmike_swamp_ruin_rubble_2,
          nicolae_swamp_some_circles
Swamp:4:  swamp_pestilence, layout_basic_swamp
Spider:1: layout_spider_delve, nicolae_spider_baby_got_redback
Spider:2: layout_spider_delve, hellmonk_narrow_tunnel, uniq_arachne,
          uniq_mlioglotl
Spider:3: nicolae_spider_hilbert_zone_3 [nicolae_spider_hilbert_4_sides_2_open,
          nicolae_spider_hilbert_3_sides_1_open,
          nicolae_spider_hilbert_3_sides_1_open,
          nicolae_spider_hilbert_3_sides_1_open,
          nicolae_spider_hilbert_3_sides_1_open,
          nicolae_spider_hilbert_4_sides_1_open,
          nicolae_spider_hilbert_4_sides_1_open,
          nicolae_spider_hilbert_4_sides_1_open,
          nicolae_spider_hilbert_4_sides_1_open,
          nicolae_spider_hilbert_4_sides_1_open,
          nicolae_spider_hilbert_4_sides_1_open,
          nicolae_spider_hilbert_4_sides_1_open,
          nicolae_spider_hilbert_4_sides_1_open,
          nicolae_spider_hilbert_3_sides_1_open,
          nicolae_spider_hilbert_3_sides_1_open,
          nicolae_spider_hilbert_3_sides_1_open,
          nicolae_spider_hilbert_3_sides_1_open], uniq_kirke, uniq_jorgrun,
          uniq_nikola
Spider:4: guppyfry_spider_rune
Orc:1:    layout_diamond_mine
Orc:2:    grunt_orc_tribal_feast, layout_diamond_mine
Abyss:3:  base: Lair:2, base: D:9, base: D:4, hangedman_eye_storm,
          spicy_abyss_pitcher_plant, nicolae_abyss_rune_star_stuff, minivault_23

Skill      XL: |  1  2  3  4  5  6  7  8  9 10 11 12 13 14 15 16 17 |
---------------+----------------------------------------------------+-----
Axes           | 3 4 5 6 8 10 12 13 15 17 18 19 | 19.8
Fighting       | 4 5 7 9 10 11 12 14 16 17 18 19 | 19.4
Armour         | 4 5 7 9 10 11 12 14 16 17 18 19 | 19.4
Invocations    | 3 5 7 8 10 11 | 11.0
Dodging        | 3 9 12 13 | 13.8
Evocations     | 3 |  3.6
Shields        | |  3.6

Action                   |  1- 3 |  4- 6 |  7- 9 | 10-12 | 13-15 | 16-18 || total
-------------------------+-------+-------+-------+-------+-------+-------++-------
Melee: War axe           |    84 |   113 |   147 |   262 |       |       ||   606
       Headbutt          |    10 |    29 |    26 |    91 |   189 |   194 ||   539
       Broad axe         |       |       |       |   205 |   442 |       ||   647
       Battleaxe         |       |       |       |       |   378 |   675 ||  1053
Invok: Heroism           |       |       |       |     1 |    12 |    21 ||    34
       Finesse           |       |       |       |     1 |     6 |    11 ||    18
Evoke: Wand              |       |       |       |       |     3 |       ||     3
  Use: Potion            |       |     1 |       |     4 |     2 |     9 ||    16
       Scroll            |       |       |    13 |     9 |     6 |     9 ||    37
Armor: Scale mail        |    31 |       |       |       |       |       ||    31
       Plate armour      |    35 |    39 |    67 |   308 |   523 |   582 ||  1554
Dodge: Dodged            |    26 |    18 |    32 |   127 |   319 |   705 ||  1227
Block: Buckler           |    15 |    13 |    22 |   122 |    79 |       ||   251
